 Dungeon Crawl Stone Soup version 0.31.0-11-ge490571c62 (webtiles) character file.

Game seed: 14413145425720161215

3973 ces the Severer (level 10, -7/77 HPs)
             Began as a Minotaur Berserker on Jan 26, 2024.
             Was a Priest of Trog.
             Mangled by a gnoll
             ... wielding a +0 spear
             ... led by a gnoll bouda
              (10 damage)
             ... on level 8 of the Dungeon.
             The game lasted 00:11:06 (7896 turns).

ces the Severer (Minotaur Berserker)                Turns: 7896, Time: 00:11:06

Health: -7/77      AC:  2    Str: 25    XL:     10   Next: 2%
Magic:  9/9        EV: 12    Int:  4    God:    Trog [***...]
Gold:   268        SH:  0    Dex: 11    Spells: 9/9 levels left

rFire   . . .        a - +0 hand axe
rCold   + . .        (no shield)
rNeg    . . .        b - +0 animal skin
rPois   .            (helmet unavailable)
rElec   .            (no cloak)
rCorr   .            (no gloves)
SInv    .            (no boots)
Will    .....        (no amulet)
Stlth   +            (no ring)
HPRegen 0.32/turn    (no ring)
MPRegen 0.11/turn

%: clarity
@: on berserk cooldown, slowed, very slow
A: horns 3, retaliatory headbutt, clarity, cold resistance 1
a: Renounce Religion, Berserk, Trog's Hand


You were on level 8 of the Dungeon.
You worshipped Trog.
Trog was most pleased with you.
You visited 1 branch of the dungeon, and saw 8 of its levels.

You collected 323 gold pieces.
You spent 55 gold pieces at shops.

Inventory:

Hand Weapons
 a - a +0 hand axe (weapon)
Armour
 b - a +0 animal skin (worn)
Jewellery
 C - a ring of ice
 E - an amulet of guardian spirit
Wands
 u - a wand of paralysis (9)
 v - a wand of digging (7)
 z - a wand of roots (7)
 A - a wand of polymorph (10)
Scrolls
 g - 2 scrolls of teleportation {unknown}
 i - 2 scrolls of blinking {unknown}
 k - a scroll of poison {unknown}
 l - a scroll of fear {unknown}
 m - a scroll of enchant armour {unknown}
 n - a scroll of immolation {unknown}
 o - a scroll of enchant weapon {unknown}
 r - a scroll of acquirement {unknown}
 s - a scroll of amnesia {unknown}
 x - a scroll of identify
 y - a scroll of revelation {unknown}
Potions
 c - a potion of attraction
 d - 3 potions of curing
 h - a potion of lignification
 j - 2 potions of might
 p - 2 potions of brilliance
 q - a potion of enlightenment
 t - a potion of invisibility {unknown}
 w - a potion of haste {unknown}
 D - a potion of magic {unknown}


   Skills:
 - Level 3.6 Fighting
 * Level 17.1 Axes
 - Level 2.4 Armour
 - Level 2.1 Dodging


You had 9 spell levels left.
You didn't know any spells.
Your spell library was empty.

Dungeon Overview and Level Annotations

Branches:
Dungeon (8/15)             Temple (0/1) D:5
   Lair: D:8-11

Altars:
Kikubaaqudgha
Makhleb
Xom

Shops:
D:5 ((:(   D:6 *?!(:

Portals:
Sewer: D:3


Innate Abilities, Weirdness & Mutations

You have a pair of large horns on your head.
You reflexively headbutt those who attack you in melee.
You possess an exceptional clarity of mind.
Your flesh is cold resistant. (rC+)


Message History

You closely miss the warg.
The warg is moderately wounded.
You hit the bush but do no damage. x3; The warg bites you!
The gnoll hits the bush but does no damage.
The gnoll hits you from afar with a +0 spear.
You are too injured to fight recklessly!
Okay, then.
You feel much better. The warg bites you!
The gnoll hits the bush but does no damage.
The warg bites you.
The gnoll hits you from afar with a +0 spear.
The gnoll hits the bush with a +0 flail.
The warg bites you!!
* * * LOW HITPOINT WARNING * * *
As you read the scroll labelled ZEUDOH IVOMOH, it crumbles to dust.
You hear a loud clanging noise!
It was a scroll of noise.
Your attacks no longer feel as feeble.
The warg closely misses you.
The gnoll hits you from afar with a +0 spear!
* * * LOW HITPOINT WARNING * * *
The gnoll hits the bush but does no damage.
The warg bites you.
* * * LOW HITPOINT WARNING * * *
The gnoll misses you.
You feel better. The warg barely misses you.
The gnoll hits the bush with a +0 flail.
The gnoll hits you from afar with a +0 spear.
* * * LOW HITPOINT WARNING * * *
The warg barely misses you.
The gnoll hits the bush with a +0 flail.
As you read the scroll labelled XACAUNESTI, it crumbles to dust.
It is a scroll of brand weapon.
Okay, then.
The gnoll is no longer moving quickly.
The warg closely misses you. The gnoll closely misses you. The warg bites you.
* * * LOW HITPOINT WARNING * * *
The gnoll hits the bush with a +0 flail.
The gnoll hits you from afar with a +0 spear!
You die... #P...P...P...P #PPPP.)PPP.P.P #P.....P...P ##PPPPP)PPPPP. #...........P.. #.PPP.P.PPP.P.P #.P...P.P...P.P #.PPP.PPPPPPPPP.#

#..#.....@)gg...#
##...###h#####...
###.# #{# #.# #o#
..# #o. ### ...
.... .... P.....


You could see a warg, 2 gnolls and 2 orcs.

Vanquished Creatures
  Maggie (D:6)
  Prince Ribbit (D:8)
  5 yaks (D:7)
  An orc warrior (D:8)
  An ice beast (D:5)
  A sky beast (D:7)
  A black bear (D:6)
  2 ogres
  2 wolves (D:8)
  A phantom (D:5)
  3 bullfrogs
  A kobold brigand (D:7)
  4 scorpions
  7 wights
  A howler monkey (D:6)
  2 bombardier beetles (D:4)
  3 jellies
  9 hounds
  2 gnoll boudas
  2 orc priests
  A sleepcap (D:6)
  5 iguanas
  6 orc wizards
  9 gnolls
  7 adders
  A river rat (D:3)
  A shadow imp (D:7)
  2 white imps
  3 ribbon worms
  A dart slug (D:4)
  16 orcs
  3 bats
  8 endoplasms
  2 giant cockroaches
  4 goblins
  6 hobgoblins
  3 jackals (D:3)
  13 kobolds
  3 quokkas
  3 ball pythons
  6 rats
153 creatures vanquished.

Notes
Turn   | Place    | Note
-------+----------+-------------------------------------------
     0 | D:1      | ces the Minotaur Berserker began the quest for the Orb.
     0 | D:1      | Reached XP level 1. HP: 19/19 MP: 0/0
    90 | D:1      | Reached skill level 4 in Axes
   221 | D:1      | Reached XP level 2. HP: 26/26 MP: 1/1
   771 | D:2      | Found a burning altar of Makhleb.
  1181 | D:2      | Reached skill level 5 in Axes
  1181 | D:2      | Reached XP level 3. HP: 31/31 MP: 2/2
  1609 | D:3      | Reached ** piety under Trog
  2092 | D:3      | Found a glowing drain.
  2097 | D:3      | Reached XP level 4. HP: 34/39 MP: 3/3
  2100 | D:3      | Reached skill level 6 in Axes
  2524 | D:4      | Reached skill level 7 in Axes
  2524 | D:4      | Reached XP level 5. HP: 35/45 MP: 4/4
  3158 | D:5      | Entered Level 5 of the Dungeon
  3158 | D:5      | Found Lytieco's Weapon Shoppe.
  3174 | D:4      | Reached skill level 8 in Axes
  3485 | D:4      | Reached XP level 6. HP: 51/51 MP: 5/5
  3650 | D:4      | Reached skill level 9 in Axes
  3916 | D:5      | Noticed an ice beast
  3938 | D:5      | Killed an ice beast
  3939 | D:5      | Reached XP level 7. HP: 54/57 MP: 6/6
  4013 | D:5      | Reached skill level 10 in Axes
  4671 | D:5      | Found Fecyvvos's Self-Improvement Boutique.
  4725 | D:5      | Found Foph's Weapon Shoppe.
  4740 | D:5      | Found Renis's Weapon Shop.
  4846 | D:5      | Reached skill level 11 in Axes
  5081 | D:5      | Found a staircase to the Ecumenical Temple.
  5121 | D:6      | Reached XP level 8. HP: 44/63 MP: 7/7
  5127 | D:6      | Reached skill level 12 in Axes
  5288 | D:6      | Found Qiwurawn's Book Emporium.
  5671 | D:6      | Reached skill level 13 in Axes
  5695 | D:6      | Found Vohices's Assorted Antiques.
  5988 | D:6      | Found Omiumoa's Antique Weapon Shoppe.
  6038 | D:6      | Found Byfat's Magic Scroll Shoppe.
  6174 | D:6      | Noticed Maggie
  6191 | D:6      | Killed Maggie
  6192 | D:6      | Reached skill level 14 in Axes
  6192 | D:6      | Reached XP level 9. HP: 70/70 MP: 8/8
  6199 | D:6      | Gained mutation: You possess an exceptional clarity of
                  | mind. [potion of mutation]
  6199 | D:6      | Gained mutation: You have a pair of large horns on your
                  | head. [potion of mutation]
  6199 | D:6      | Gained mutation: Your flesh is cold resistant. (rC+)
                  | [potion of mutation]
  6361 | D:6      | Found Rylaanweuko's Distillery.
  6370 | D:6      | Bought a potion of heal wounds for 55 gold pieces
  6423 | D:6      | Found an ancient bone altar of Kikubaaqudgha.
  6432 | D:6      | Found a shimmering altar of Xom.
  6745 | D:7      | Reached *** piety under Trog
  6998 | D:7      | Reached skill level 15 in Axes
  7279 | D:7      | Reached skill level 16 in Axes
  7559 | D:8      | Noticed Prince Ribbit
  7572 | D:8      | Killed Prince Ribbit
  7694 | D:8      | Identified the +1 mace of Resumed Hostilities {vamp,
                  | Stlth+}
  7872 | D:8      | Reached skill level 17 in Axes
  7885 | D:8      | Reached XP level 10. HP: 75/77 MP: 9/9
  7896 | D:8      | HP: 3/77 [warg (6)]
  7896 | D:8      | Mangled by a gnoll

Illustrated notes

Levels and vault maps discovered:
D:1:      minmay_arrival_stone_box, layout_loops_cross
D:2:      layout_basic, basic_altar
D:3:      layout_basic, portal_sewer_entry_b, nicolae_underground_beach
D:4:      layout_basic
D:5:      layout_cave_pools, minmay_temple_entry_nine_rooms, serial_shops,
          nicolae_shop_peninsula, shop,
          nicolae_shop_temple_entry_statues_fountains, st_stairs_13,
          hangedman_decor_clover_reticule, nicolae_shop_self_help
D:6:      layout_basic, mainiacjoe_overflow_swirl, serial_shops, shop,
          nicolae_shop_window_shopping, shop, shop,
          nicolae_shop_advertising_works [nicolae_subvault_shop_adworks],
          st_stairs_12, uniq_maggie
D:7:      layout_cave_pools
D:8:      layout_basic, erik_lair_orcish_takeover, minmay_hedge_maze,
          lightli_minifort, uniq_prince_ribbit1

Skill      XL: |  1  2  3  4  5  6  7  8  9 |
---------------+----------------------------+-----
Axes           | 4 5 7 8 9 11 14 17 | 17.1
Fighting       | |  3.6
Armour         | |  2.4
Dodging        | |  2.1

Action                     |  1- 3 |  4- 6 |  7- 9 | 10-12 || total
---------------------------+-------+-------+-------+-------++-------
  Melee: Hand axe          |    69 |   104 |   279 |     8 ||   460
         Headbutt          |    12 |    16 |    47 |     1 ||    76
         Punch             |     1 |     1 |     4 |     2 ||     8
 Invoke: Berserk           |       |     7 |     9 |       ||    16
    Use: Potion            |       |     6 |     2 |     2 ||    10
         Scroll            |       |       |     4 |     2 ||     6
 Armour: Animal skin       |    36 |    74 |   124 |    14 ||   248
  Dodge: Dodged            |    43 |    68 |   113 |    17 ||   241
